 Dungeon Crawl Stone Soup version 0.32-a0-876-gcfddb08e57 (webtiles) character file.

Game seed: 8032514627785904870

398 Mousus6 the Caller (level 6, 0/51 HPs)
             Began as a Draconian Summoner on Apr 1, 2024.
             Was a Plaything of Xom.
             Slain by Grinder the ice devil (9 damage)
             ... on level 4 of the Dungeon.
             The game lasted 00:10:22 (2722 turns).

Mousus6 the Caller (Draconian Summoner)             Turns: 2722, Time: 00:10:22

Health: 0/51       AC: 12    Str: 10    XL:     6   Next: 53%
Magic:  7/11       EV: 11    Int: 18    God:    Xom [.*....]
Gold:   137        SH:  0    Dex: 11    Spells: 4/12 levels left

rFire   + . .        h - +2 whip (venom)
rCold   + . .        (no shield)
rNeg    . . .        (body armour unavailable)
rPois   .            (helmet restricted)
rElec   .            k - scarf {rC+ rF+}
rCorr   .            i - +0 pair of gloves
SInv    .            o - +0 pair of boots
Will    .....        (no amulet)
Stlth   ++           e - +4 ring of protection
HPRegen 0.28/turn    j - ring of flight
MPRegen 0.12/turn

%: no passive effects
@: flying, inugami summoned
A: AC +6, unfitting armour, cold-blooded
a: Renounce Religion


You were on level 4 of the Dungeon.
You worshipped Xom.
You were a plaything of Xom.
You visited 1 branch of the dungeon, and saw 4 of its levels.

You collected 137 gold pieces.

Inventory:

Hand Weapons
 c - a +0 dagger
 h - a +2 whip of venom (weapon)
Armour
 f - a +0 pair of gloves
 i - a +0 pair of gloves (worn)
 k - a scarf of resistance (worn)
 o - a +0 pair of boots (worn)
Jewellery
 e - a +4 ring of protection (left hand)
 j - a ring of flight (right hand)
Wands
 n - a wand of warping (7)
Scrolls
 d - 2 scrolls of enchant weapon {unknown}
 g - 3 scrolls of identify {unknown}
 p - a scroll of immolation {unknown}
Potions
 a - a potion of magic
 b - a potion of curing
 l - a potion of resistance {unknown}
 m - a potion of ambrosia {unknown}


   Skills:
 + Level 3.4 Fighting
 - Level 1.7 Dodging
 - Level 1.7 Stealth
 + Level 3.6 Spellcasting
 * Level 6.2 Summonings


You had 4 spell levels left.
You knew the following spells:

 Your Spells              Type           Power      Damage    Failure   Level
a - Summon Small Mammal   Summ           100%       N/A       1%          1
c - Call Canine Familiar  Summ           25%        N/A       3%          3
d - Summon Blazeheart Go  Fire/Summ      14%        N/A       38%         4

Your spell library contained the following spells:

 Spells                   Type           Power      Damage    Failure   Level
 Call Imp                 Summ           50%        N/A       1%          2
 Sublimation of Blood     Necr           3%         N/A       24%         2
 Summon Lightning Spire   Summ/Air       14%        N/A       38%         4
 Summon Hydra             Summ           12%        N/A       100%        7


Dungeon Overview and Level Annotations

Branches:
Dungeon (4/15)             Temple (0/1) D:4

Altars:
Ashenzari
Okawaru
Uskayaw
Xom
Zin
The Shining One

Shops:
D:3 *

Annotations:
D:4 Grinder


Innate Abilities, Weirdness & Mutations

Your plain brown scales are hard. (AC +6)
You cannot fit into any form of body armour.
You are cold-blooded and may be slowed by cold attacks.


Message History

Confirm with . or Enter, or press ? or * to list all spells.
Grinder hits you. Grinder freezes you. You resist.
Your inugami hits Grinder.
Casting: Summon Small Mammal (safe; 1% risk of failure)
Confirm with . or Enter, or press ? or * to list all spells.
Grinder hits your inugami. Grinder freezes your inugami!
Your inugami hits Grinder but does no damage.
Your bat hits Grinder but does no damage.
You closely miss Grinder.
Grinder is heavily wounded.
Your bat closely misses Grinder.
Grinder hits you. Grinder freezes you! You resist.
Your inugami hits Grinder but does no damage.
Grinder closely misses you.
You completely miss Grinder.
You tail-slap Grinder, but do no damage.
Grinder is heavily wounded.
Your bat barely misses Grinder.
Your inugami hits Grinder but does no damage.
Your rat bites Grinder but does no damage.
Grinder hits your inugami but does no damage.
You hit Grinder.
Grinder is severely wounded.
Your bat barely misses Grinder. x2; Your inugami barely misses Grinder.
Your rat misses Grinder. Grinder hits you. Grinder freezes you! You resist.
* * * LOW HITPOINT WARNING * * *
Unknown command.
Your bat hits Grinder but does no damage.
Your inugami closely misses Grinder.
Your rat closely misses Grinder.
Your bat hits Grinder but does no damage.
Grinder says, "Slither hence, thou euchred flap-mouthed socdollager!"
Aiming: Warp Space
Press: ? - help, Shift-Dir - straight line Space twists violently!
The rupture engulfs Grinder.
Grinder is heavily wounded.
Your bat hits Grinder but does no damage.
Grinder hits you.
* * * LOW HITPOINT WARNING * * *
Grinder freezes you! You resist.
You die...
Xom laughs nastily!

.#########.....####..............
............................#.###
....#####.......####......†...# #
.##.............###..........####
. ######........................<
# ##.......###..........####
#......bh.#..........# #
#...#.#r4†...........####
#########..#.#.#@..#.............
..#.......#.#.#.#..##......†....#
...........#.>.#...###..........#
..........#.#.#.#.## #..........#
.........†.#.#.#..## #..........#
............#.#....# #..........#
♣+♣♣♣♣.............# #..........#
.....'.....###.###.# ############
...#.♣...........#.#


You could see Grinder the ice devil (ally target), a friendly inugami
(summoned), a friendly bat (summoned) and a friendly rat (summoned).

Vanquished Creatures
  An ogre (D:3)
  A scorpion (D:4)
  A bombardier beetle (D:3)
  A hound (D:2)
  An iguana (D:4)
  An adder (D:4)
  2 dart slugs
  2 ribbon worms
  2 orcs (D:3)
  6 endoplasms
  6 giant cockroaches
  8 goblins
  9 hobgoblins
  A quokka (D:2)
  8 ball pythons
  A bat (D:1)
  4 frilled lizards
  2 kobolds
  3 rats
60 creatures vanquished.

Vanquished Creatures (collateral kills)
  Robin (D:2)
  4 gnolls (D:2)
  An adder (D:2)
  A dart slug (D:1)
  3 bats
  3 endoplasms
  A giant cockroach (D:1)
  6 hobgoblins
  A kobold (D:1)
  3 quokkas
  A ball python (D:1)
  5 goblins (D:2)
  2 rats (D:1)
32 creatures vanquished.

Grand Total: 92 creatures vanquished

Notes
Turn   | Place    | Note
-------+----------+-------------------------------------------
     0 | D:1      | Mousus6 the Draconian Summoner began the quest for the Orb.
     0 | D:1      | Reached XP level 1. HP: 14/14 MP: 3/3
   182 | D:1      | Reached XP level 2. HP: 19/22 MP: 1/5
   303 | D:1      | Found a faded altar of an unknown god.
   321 | D:1      | Prayed at the altar of an unknown god.
   321 | D:1      | Became a worshipper of Xom of Unknown Intention
   367 | D:1      | Reached skill level 1 in Fighting
   535 | D:1      | Reached XP level 3. HP: 28/28 MP: 6/6
   600 | D:1      | XOM: divination: detect items
   802 | D:2      | XOM: silly message
   817 | D:2      | Noticed Robin
   867 | D:2      | XOM: god gift: bubbling ruby potion {god gift}
   920 | D:2      | Reached XP level 4. HP: 19/36 MP: 7/7
   924 | D:2      | Learned a level 3 spell: Call Canine Familiar
   929 | D:2      | Learned a level 4 spell: Summon Blazeheart Golem
  1075 | D:2      | Reached skill level 5 in Summonings
  1216 | D:2      | XOM: 3-stop teleportation journey
  1276 | D:2      | XOM: silly message
  1291 | D:2      | XOM: silly message
  1315 | D:2      | XOM: enchant monster (good)
  1489 | D:2      | Identified the +0 ring mail of the Mantidfly {Int+9 Dex-3}
  1710 | D:2      | Reached XP level 5. HP: 36/42 MP: 3/9
  1717 | D:2      | Killed Robin
  1935 | D:3      | Noticed an ogre
  1935 | D:3      | Found Zin's Purification Station.
  1935 | D:3      | Found a glowing silver altar of Zin.
  1935 | D:3      | XOM: 5-stop teleportation journey
  2133 | D:3      | Killed an ogre
  2134 | D:3      | Reached XP level 6. HP: 51/51 MP: 0/11
  2411 | D:4      | Found a hide-covered altar of Uskayaw.
  2413 | D:4      | Found an iron altar of Okawaru.
  2413 | D:4      | Found a broken altar of Ashenzari.
  2440 | D:4      | Reached skill level 6 in Summonings
  2515 | D:4      | Found a staircase to the Ecumenical Temple.
  2558 | D:4      | Found a glowing golden altar of the Shining One.
  2684 | D:4      | Noticed Grinder
  2694 | D:4      | Grinder changed into Grinder the ice devil
  2694 | D:4      | Noticed Grinder
  2694 | D:4      | XOM: polymorph Grinder -> Grinder the ice devil
  2709 | D:4      | XOM: confusion (+ monsters)
  2722 | D:4      | Slain by Grinder the ice devil

Illustrated notes

Levels and vault maps discovered:
D:1:      nzn_arrival_settlement, layout_rooms,
          shapermc_ecumenical_altar_ellora, chequers_arboretum
D:2:      layout_loops_ring, uniq_robin
D:3:      layout_rooms, zin_purify
D:4:      layout_rooms, chequers_temple_overflow_statue_of_worship,
          mainiacjoe_overflow_six_doors_small, minmay_temple_entry_grid,
          uniq_grinder

Skill      XL: |  1  2  3  4  5  6 |
---------------+-------------------+-----
Fighting       | 1 2 3 |  3.4
Summonings     | 5 6 |  6.2
Spellcasting   | 3 |  3.6
Dodging        | |  1.7
Stealth        | |  1.7

Action                     |  1- 3 |  4- 6 || total
---------------------------+-------+-------++-------
  Melee: Unarmed           |    17 |       ||    17
         Tailslap          |     8 |    20 ||    28
         Punch             |     1 |       ||     1
         Dagger            |   104 |    35 ||   139
         Whip              |       |    88 ||    88
   Cast: Summon Small Mamm |    19 |    15 ||    34
         Call Canine Famil |       |    12 ||    12
  Evoke: Wand              |       |     1 ||     1
    Use: Potion            |       |     3 ||     3
   Stab: Distracted        |     2 |       ||     2
         Sleeping          |     1 |     7 ||     8
 Armour: Skin              |   103 |    68 ||   171
  Dodge: Dodged            |    70 |    54 ||   124

Table legend: (Time is in decaauts)
 A = Elapsed time spent in this place.
 B = Non-inter-level travel time spent in this place.
 C = Inter-level travel time spent in this place.
 D = Time resting spent in this place.
 E = Time spent auto-exploring this place.
 F = Levels seen in this place.
 G = Mean time per level.
                   A        B        C        D        E       F      G
               +--------+--------+--------+--------+--------+-----+--------+
         Total |   2731 |   2693 |     38 |    108 |   1632 |   4 |  682.8 |
       Dungeon |   2731 |   2693 |     38 |    108 |   1632 |   4 |  682.8 |
               +--------+--------+--------+--------+--------+-----+--------+

Top non-repeatable levels by time:
     D:2: 984 daAuts
     D:1: 905 daAuts
     D:4: 430 daAuts
     D:3: 411 daAuts
